[Event "Titled Tuesday Blitz July 13 2021"]
[White "Gochelashvili, David"]
[Black "Paravyan, David"]
[WhiteFideId "4161203"]
[BlackFideId "4194985"]
[WhiteElo "2408"]
[BlackElo "2562"]
[Result "0-1"]
[Round "01"]
[TimeControl "180+1"]
[Date "2021.07.13"]
[WhiteClock "0:00:14"]
[BlackClock "0:01:04"]

1. e4 c6 2. d4 d5 3. Nc3 dxe4 4. Nxe4 Nf6 5. Nxf6+ exf6 6. c3 Bd6 7. Bd3 O-O 8. Qc2 Re8+ 9. Ne2 h6 10. O-O Nd7 11. Bf4 Nf8 12. Bxd6 Qxd6 13. Ng3 Bd7 14. Rae1 Qc7 15. Re3 a5 16. Rfe1 Rxe3 17. fxe3 a4 18. a3 Qb6 19. Ne4 Ne6 20. Qf2 Ng5 21. Nc5 Bc8 22. e4 Ne6 23. e5 Nxc5 24. dxc5 Qd8 25. Qd2 Bf5 26. Rd1 Qxd3 27. Qxd3 Bxd3 28. Rxd3 fxe5 29. Rd7 Ra5 30. Rxb7 Rxc5 31. Kf2 Rb5 32. Rxb5 cxb5 33. Ke3 f5 34. Kd3 Kf7 35. c4 e4+ 36. Kd4 bxc4 37. Kxc4 e3 38. Kd3 f4 0-1


[Site "https://www.chess.com"]

[Event "Titled Tuesday Blitz July 13 2021"]
[White "Gogolev, Artem"]
[Black "Weetik, Vjacheslav"]
[WhiteFideId "4116615"]
[BlackFideId "4153472"]
[WhiteElo "2191"]
[BlackElo "2469"]
[Result "0-1"]
[Round "01"]
[TimeControl "180+1"]
[Date "2021.07.13"]
[WhiteClock "0:01:24"]
[BlackClock "0:00:35"]

1. d4 d5 2. c4 e6 3. g3 c6 4. Bg2 Bd6 5. Nd2 f5 6. Ngf3 Nf6 7. O-O O-O 8. Qc2 b6 9. b3 a5 10. a4 Na6 11. Ne5 Nb4 12. Qb1 Bb7 13. Ndf3 Ne4 14. Ba3 Qe7 15. Qb2 f4 16. Nd2 c5 17. Nxe4 dxe4 18. Bxb4 axb4 19. gxf4 Rxf4 20. e3 Rh4 21. f4 exf3 22. Bxf3 cxd4 23. Bxb7 Qxb7 24. exd4 Bxe5 25. dxe5 Rg4+ 0-1


[Site "https://www.chess.com"]

[Event "Titled Tuesday Blitz July 13 2021"]
[White "Goltsev, Dmitry"]
[Black "Hamley, Ryan"]
[WhiteFideId "24176710"]
[BlackFideId "30959497"]
[WhiteElo "2366"]
[BlackElo "2412"]
[Result "1-0"]
[Round "01"]
[TimeControl "180+1"]
[Date "2021.07.13"]
[WhiteClock "0:01:33"]
[BlackClock "0:00:03"]

1. e4 c5 2. Nf3 d6 3. d4 cxd4 4. Nxd4 Nf6 5. Nc3 a6 6. Be2 e5 7. Nb3 Be6 8. O-O Be7 9. f4 Nbd7 10. f5 Bxb3 11. axb3 b5 12. g4 h6 13. b4 Nb6 14. b3 d5 15. exd5 Bxb4 16. Bb2 Bxc3 17. Bxc3 Nfxd5 18. Ba5 Qg5 19. Bf3 Rd8 20. Qe2 O-O 21. Rfd1 Nf4 22. Qxe5 Rde8 23. Qd4 Nbd5 24. Bd2 Nh3+ 25. Kg2 Ndf4+ 26. Kg3 h5 27. Bxf4 Nxf4 28. h4 Ne2+ 29. Bxe2 Re3+ 30. Bf3 Qe7 31. Rd3 Rxd3 32. cxd3 hxg4 1-0


[Site "https://www.chess.com"]

[Event "Titled Tuesday Blitz July 13 2021"]
[White "Grigoriants, Sergey"]
[Black "Navalgund, Niranjan"]
[WhiteFideId "4130804"]
[BlackFideId "5030854"]
[WhiteElo "2502"]
[BlackElo "2290"]
[Result "1-0"]
[Round "01"]
[TimeControl "180+1"]
[Date "2021.07.13"]
[WhiteClock "0:00:38"]
[BlackClock "0:00:14"]

1. e4 e5 2. Nf3 Nc6 3. Bb5 a6 4. Ba4 Nf6 5. O-O Be7 6. d3 b5 7. Bb3 d6 8. c3 O-O 9. Re1 Na5 10. Bc2 c5 11. Nbd2 Qc7 12. Nf1 h6 13. Ng3 Be6 14. Nh4 Rfe8 15. Nhf5 Bf8 16. h3 Kh7 17. Qf3 Ng8 18. Bd2 g6 19. Ne3 Bg7 20. h4 Nc6 21. h5 Rad8 22. Nd5 Qb7 23. a4 Nce7 24. axb5 axb5 25. Bb3 Nxd5 26. Bxd5 Bxd5 27. exd5 Ra8 28. hxg6+ fxg6 29. Ne4 Qe7 30. Qh3 Nf6 31. Bg5 Rxa1 32. Rxa1 Kg8 33. Bxf6 Bxf6 34. Qxh6 Kf7 35. Qh7+ Bg7 36. Ra6 Rd8 37. Qh3 Kg8 38. Rc6 Kf8 39. Qg4 Kf7 40. Ng5+ Kg8 41. Ne6 Rd7 42. Qxg6 1-0


[Site "https://www.chess.com"]

[Event "Titled Tuesday Blitz July 13 2021"]
[White "Gusarov, Grigory"]
[Black "Matveeva, Olga"]
[WhiteFideId "24102172"]
[BlackFideId "24107018"]
[WhiteElo "2269"]
[BlackElo "2108"]
[Result "1-0"]
[Round "01"]
[TimeControl "180+1"]
[Date "2021.07.13"]
[WhiteClock "0:00:07"]
[BlackClock "0:00:04"]

1. d4 Nf6 2. Nf3 e6 3. c4 b6 4. g3 Ba6 5. Qa4 Be7 6. Bg2 Bb7 7. O-O O-O 8. Nc3 d5 9. Ne5 Qc8 10. cxd5 Nxd5 11. e4 Nxc3 12. bxc3 c5 13. Be3 Nc6 14. Nd3 cxd4 15. cxd4 Rd8 16. Rac1 Qd7 17. d5 exd5 18. exd5 Nb4 19. Qxd7 Rxd7 20. Ne5 Rdd8 21. d6 Bxg2 22. dxe7 Rd5 23. Kxg2 Rxe5 24. Bd2 Nd5 25. Rce1 Rxe7 26. Rxe7 Nxe7 27. Re1 Nd5 28. Re5 Rd8 29. Be1 f6 30. Re4 Kf7 31. Rc4 Rd7 32. Rc6 Ke7 33. Rc8 a5 34. f4 Rb7 35. Kf3 Rd7 36. Rb8 Kd6 37. Bf2 Kc6 38. Rh8 h6 39. h4 b5 40. Rc8+ Kb7 41. Rc5 Ka6 42. Ke4 b4 43. Rxd5 Rxd5 44. Kxd5 Kb5 45. f5 a4 46. Bd4 b3 47. axb3 axb3 48. Bb2 Kb4 49. Kd4 1-0


[Site "https://www.chess.com"]

[Event "Titled Tuesday Blitz July 13 2021"]
[White "Holt, Conrad"]
[Black "Gabdushev, Ruslan"]
[WhiteFideId "2034387"]
[BlackFideId "4137833"]
[WhiteElo "2586"]
[BlackElo "2312"]
[Result "0-1"]
[Round "01"]
[TimeControl "180+1"]
[Date "2021.07.13"]
[WhiteClock "0:00:01"]
[BlackClock "0:00:19"]

1. d4 Nc6 2. e4 d5 3. Nc3 e5 4. Bb5 exd4 5. Qxd4 dxe4 6. Qxd8+ Kxd8 7. Bg5+ f6 8. O-O-O Ke8 9. Bf4 Bd7 10. Nd5 Rc8 11. Nxc7+ Ke7 12. Ne2 Nh6 13. Rxd7+ Kxd7 14. Rd1+ Ke7 15. Bd6+ Kf7 16. Bc4+ Kg6 17. Nf4+ Kg5 18. h4+ Kxh4 19. Rh1+ Kg4 20. Rxh6 Bxd6 21. Be6+ Kxf4 22. Rh5 g5 23. Nb5 Rcd8 24. Nc3 Ke5 25. Bg4 Bb4 26. Nb1 Rhg8 27. g3 f5 28. Be2 Rg7 29. c3 Bc5 30. Rh2 e3 31. fxe3 Bxe3+ 32. Kc2 f4 33. gxf4+ Bxf4 34. Rh5 Ke4 35. Bg4 Ne5 36. Be2 g4 0-1


[Site "https://www.chess.com"]

[Event "Titled Tuesday Blitz July 13 2021"]
[White "Horak, Martin"]
[Black "Belyakov, Bogdan"]
[WhiteFideId "367095"]
[BlackFideId "24104795"]
[WhiteElo "1997"]
[BlackElo "2407"]
[Result "1-0"]
[Round "01"]
[TimeControl "180+1"]
[Date "2021.07.13"]
[WhiteClock "0:00:11"]
[BlackClock "0:01:03"]

1. e4 e5 2. Nf3 Nc6 3. Bb5 Nf6 4. O-O Nxe4 5. Re1 Nd6 6. Nxe5 Be7 7. Bf1 Nxe5 8. Rxe5 O-O 9. d4 Bf6 10. Re1 Re8 11. c3 Rxe1 12. Qxe1 Qe8 13. Qxe8+ Nxe8 14. Bf4 d5 15. Bd3 Be7 16. Nd2 Bd6 17. Re1 Be6 18. Bxd6 Nxd6 19. Nf3 h6 20. Ne5 Re8 21. f3 Bf5 22. Bxf5 Nxf5 23. Kf2 f6 24. Nd3 Rxe1 25. Nxe1 Kf7 26. g4 Nd6 27. b3 Nb5 28. c4 dxc4 29. bxc4 Nxd4 30. Nd3 b6 31. Ke3 c5 32. Ke4 g5 33. f4 Ke6 34. h3 Kd6 35. Ne1 a6 36. Ng2 b5 37. Kd3 Ne6 38. f5 Nd8 39. Ke4 Nc6 40. Ne3 Ne5 41. cxb5 axb5 42. Nd5 Nd7 43. a3 Kc6 44. Ne7+ Kb6 45. Ng8 b4 46. axb4 cxb4 47. Kd3 Kc5 48. Nxh6 Kd5 49. Nf7 b3 50. Kc3 Ke4 51. Kxb3 Kf3 52. Kc4 Kg3 53. Kd5 Kxh3 54. Nh6 Ne5 55. Ke6 Nxg4 56. Nxg4 Kxg4 57. Kxf6 Kh4 58. Ke6 g4 59. f6 g3 60. f7 g2 61. f8=Q Kg3 62. Qg7+ Kf2 63. Qf6+ Ke2 64. Qe5+ Kf2 65. Qf4+ Ke2 66. Qg3 Kf1 67. Qf3+ Kg1 68. Kf5 Kh2 69. Qf4+ Kh1 70. Qh4+ Kg1 71. Ke4 Kf1 72. Qf4+ Ke2 73. Qf3+ Ke1 74. Qxg2 1-0


[Site "https://www.chess.com"]

[Event "Titled Tuesday Blitz July 13 2021"]
[White "Howell, David W L"]
[Black "Shahinyan, David"]
[WhiteFideId "410608"]
[BlackFideId "13304380"]
[WhiteElo "2643"]
[BlackElo "2372"]
[Result "1-0"]
[Round "01"]
[TimeControl "180+1"]
[Date "2021.07.13"]
[WhiteClock "0:00:10"]
[BlackClock "0:00:07"]

1. d4 Nf6 2. c4 c5 3. d5 b5 4. cxb5 a6 5. bxa6 Bxa6 6. Nc3 d6 7. Nf3 g6 8. e4 Bxf1 9. Kxf1 Bg7 10. g3 O-O 11. Kg2 Qb6 12. Qe2 Na6 13. Rd1 Nd7 14. Bg5 h6 15. Be3 Nc7 16. Rdb1 Qa6 17. Kf1 Rfb8 18. Nd1 f5 19. exf5 Qxe2+ 20. Kxe2 gxf5 21. Nh4 Nxd5 22. Nxf5 Nxe3 23. fxe3 Kf7 24. Nxg7 Kxg7 25. Nc3 Ne5 26. b3 Ra3 27. Kd2 c4 28. Kc2 cxb3+ 29. axb3 Rbxb3 30. Rxa3 Rxa3 31. Rb7 Kf7 32. Nd5 Ke6 33. e4 Nc6 34. Rc7 Ra6 35. Kd2 Kf7 36. Ke3 Ne5 37. Rxe7+ Kg6 38. Nf4+ Kf6 39. Nd5+ Kg6 40. Kf4 Ra3 41. Re6+ Kf7 42. Rxd6 Ng6+ 43. Kg4 Ra2 44. h4 Ra3 45. Rf6+ Kg7 46. Rf5 Ra4 47. Kf3 Ra3+ 48. Kg4 Ne7 49. Nxe7 Ra4 50. Rf4 Ra7 51. Nf5+ Kg6 52. h5+ Kh7 53. Nh4 Rg7+ 54. Kf3 Ra7 55. Rf5 Kg7 56. Kf4 Rc7 57. Ng6 Rb7 58. Re5 Rf7+ 59. Ke3 Ra7 60. Re7+ Kf6 61. Rxa7 Kg5 62. e5 Kxh5 63. e6 Kxg6 64. Rf7 Kg5 65. e7 Kg4 66. e8=Q Kh3 67. Rf4 Kg2 68. Qh5 Kg1 69. Kf3 Kf1 70. Qh1# 1-0


[Site "https://www.chess.com"]

[Event "Titled Tuesday Blitz July 13 2021"]
[White "Ibrahimli, Murad"]
[Black "Salik, Serkan"]
[WhiteFideId "13410229"]
[BlackFideId "30952492"]
[WhiteElo "2109"]
[BlackElo "2422"]
[Result "0-1"]
[Round "01"]
[TimeControl "180+1"]
[Date "2021.07.13"]
[WhiteClock "0:00:22"]
[BlackClock "0:00:12"]

1. e4 e5 2. Nf3 Nc6 3. Bb5 a6 4. Ba4 d6 5. O-O Bd7 6. c3 g6 7. d4 Bg7 8. Be3 Nf6 9. dxe5 dxe5 10. Nbd2 O-O 11. b4 Re8 12. Bb3 Ng4 13. Bg5 Bf6 14. Bxf6 Nxf6 15. a4 Bg4 16. h3 Be6 17. Qc2 Nh5 18. Bxe6 Rxe6 19. g3 Qd7 20. Kg2 Rd8 21. Nc4 Qd3 22. Qxd3 Rxd3 23. Rac1 Nf6 24. b5 axb5 25. axb5 Na7 26. Nfxe5 Rd8 27. Rfd1 Rxd1 28. Rxd1 Nxb5 29. f3 Nxc3 30. Rd3 Nb5 31. Rb3 c6 32. Nd3 Nd7 33. Rb2 Re8 34. Ra2 Rd8 35. Kf2 Nb6 36. Nce5 f6 37. Ng4 Rxd3 38. Nxf6+ Kf7 39. Ng4 Nc4 40. Ra8 Nd4 41. f4 Rf3+ 42. Kg2 Ne3+ 43. Nxe3 Rxe3 44. e5 Re2+ 45. Kf1 b5 46. Rh8 b4 47. Rxh7+ Ke6 48. Rg7 b3 49. Rxg6+ Kf5 50. Rg7 b2 51. Rb7 Rc2 52. Rb4 Rc1+ 53. Kf2 b1=Q 54. Rxb1 Rxb1 55. g4+ Kxf4 56. e6 Rb2+ 57. Ke1 Ke3 58. Kd1 Rb1# 0-1


[Site "https://www.chess.com"]

[Event "Titled Tuesday Blitz July 13 2021"]
[White "Isajevsky, Anton"]
[Black "Terry, Renato"]
[WhiteFideId "4142500"]
[BlackFideId "3803457"]
[WhiteElo "2510"]
[BlackElo "2581"]
[Result "0-1"]
[Round "01"]
[TimeControl "180+1"]
[Date "2021.07.13"]
[WhiteClock "0:00:02"]
[BlackClock "0:00:05"]

1. c4 b6 2. Nc3 Bb7 3. Nf3 Nf6 4. d4 e6 5. a3 g6 6. Bg5 h6 7. Bh4 d6 8. h3 Bg7 9. e3 Nbd7 10. Be2 Qe7 11. b4 g5 12. Bg3 a5 13. O-O O-O 14. Qc2 Nh5 15. Bh2 f5 16. Nd2 Nhf6 17. bxa5 Rxa5 18. a4 e5 19. Nb3 Raa8 20. a5 f4 21. axb6 Nxb6 22. d5 Qf7 23. e4 h5 24. c5 dxc5 25. Nxc5 Rxa1 26. Rxa1 Bc8 27. Ne6 Bxe6 28. dxe6 Qxe6 29. Nb5 c6 30. Na7 Ra8 31. Rb1 Rxa7 32. Rxb6 Ra1+ 33. Rb1 Rxb1+ 34. Qxb1 Kh7 35. Qc2 Qd6 36. Kf1 Bf8 37. f3 Qc5 38. Qd1 Qd4 39. Bg1 Qxd1+ 40. Bxd1 Bb4 41. Ke2 Kg6 42. Kd3 Nd7 43. Kc4 Bd2 44. Bf2 Be3 45. Be1 Nc5 46. Bb4 Ne6 47. Ba4 c5 48. Be1 Kf6 49. Bd7 Ng7 50. Kd5 Ke7 51. Bc8 Kf6 52. Bd7 Bd4 53. Ba5 Ke7 54. Bc8 Ne8 0-1


[Site "https://www.chess.com"]

[Event "Titled Tuesday Blitz July 13 2021"]
[White "Janiashvili, Mariami"]
[Black "Papasimakopoulos, Alexandros"]
[WhiteFideId "13612077"]
[BlackFideId "4244125"]
[WhiteElo "1795"]
[BlackElo "2352"]
[Result "0-1"]
[Round "01"]
[TimeControl "180+1"]
[Date "2021.07.13"]
[WhiteClock "0:00:17"]
[BlackClock "0:00:51"]

1. d4 e6 2. c4 Nf6 3. Nf3 Bb4+ 4. Bd2 Qe7 5. Nc3 b6 6. g3 Bb7 7. Bg2 O-O 8. O-O Bxc3 9. Bxc3 Be4 10. Rc1 d6 11. Qa4 Nbd7 12. Rfd1 a5 13. Nd2 Bxg2 14. Kxg2 e5 15. Qc6 exd4 16. Bxd4 Ne5 17. Bxe5 dxe5 18. e4 Qd6 19. Qxd6 cxd6 20. f3 Rfd8 21. Nb1 Rac8 22. b3 Kf8 23. Nc3 Ke7 24. Rd2 Rc6 25. Rcd1 Nd7 26. Nb5 Nf8 27. Na7 Rc7 28. Nb5 Rcd7 29. Nc3 Rb8 30. Nd5+ Ke6 31. f4 exf4 32. gxf4 f5 33. exf5+ Kxf5 34. Re2 b5 35. Ne7+ Kf6 36. Nc6 Rb6 37. cxb5 Rxb5 38. Red2 d5 39. Nd4 Rb4 40. Nc6 Rxf4 41. Rxd5 Rxd5 42. Rxd5 a4 43. b4 Rc4 44. Rd6+ Kg5 45. Nd4 Rxb4 46. Nf3+ Kf5 47. Nh4+ Rxh4 0-1


[Site "https://www.chess.com"]

[Event "Titled Tuesday Blitz July 13 2021"]
[White "Jarovinsky, Alexey"]
[Black "Tymrakiewicz, Rafal"]
[WhiteFideId "14115131"]
[BlackFideId "1108832"]
[WhiteElo "2446"]
[BlackElo "2172"]
[Result "1/2-1/2"]
[Round "01"]
[TimeControl "180+1"]
[Date "2021.07.13"]
[WhiteClock "0:00:12"]
[BlackClock "0:01:16"]

1. Nc3 Nf6 2. e4 d5 3. exd5 Nxd5 4. Bc4 e6 5. Qf3 Nb4 6. Bb3 N8c6 7. Nge2 Na5 8. Ba4+ Bd7 9. a3 Nd5 10. Bxd7+ Qxd7 11. Nxd5 Qxd5 12. Qxd5 exd5 13. b4 Nc4 14. d3 Nd6 15. O-O Be7 16. Bb2 O-O 17. Rfe1 Rfe8 18. Nf4 c6 19. g3 Bf8 20. h4 g6 21. Kg2 Bg7 22. Bxg7 Kxg7 23. a4 a6 24. Kf1 Kf6 25. Rxe8 Rxe8 26. Re1 Rxe1+ 27. Kxe1 Ke5 28. c3 d4 29. c4 b6 30. Kd2 Nb7 31. Ne2 c5 32. b5 axb5 33. axb5 h5 34. Ng1 Kf5 35. Nf3 f6 36. Ke2 Na5 37. Nd2 Nb7 38. Ne4 Ke5 39. f4+ Kf5 40. Kf3 Ke6 41. Nd2 f5 42. Ke2 Nd8 43. Nf3 Nf7 44. Kf2 Kd6 45. Ke2 Ke6 46. Nd2 Kd6 47. Kf2 Ke6 48. Nf3 Kd6 49. Nh2 Ke6 50. Nf1 Kd6 51. Nd2 Ke6 52. Nb3 Kd6 53. Na1 Ke6 54. Nc2 Kd6 55. Ne1 Ke6 56. Nf3 1/2-1/2


[Site "https://www.chess.com"]

[Event "Titled Tuesday Blitz July 13 2021"]
[White "Kapitanchuk, Tomas"]
[Black "Martinez Alcantara, Jose Eduardo"]
[WhiteFideId "135046"]
[BlackFideId "3805662"]
[WhiteElo "1955"]
[BlackElo "2690"]
[Result "0-1"]
[Round "01"]
[TimeControl "180+1"]
[Date "2021.07.13"]
[WhiteClock "0:00:10"]
[BlackClock "0:00:11"]

1. e4 c5 2. Nf3 d6 3. Bb5+ Nd7 4. O-O a6 5. Bxd7+ Bxd7 6. c4 Nf6 7. Nc3 g6 8. d4 cxd4 9. Nxd4 Bg7 10. f3 b5 11. cxb5 axb5 12. Be3 b4 13. Nce2 O-O 14. Qd2 Qb8 15. Rfc1 Qb7 16. Bh6 Bxh6 17. Qxh6 Ra5 18. b3 Rfa8 19. Rc2 Qb6 20. Kh1 Rc5 21. Rd2 Rac8 22. Qh4 Kg7 23. Rad1 h6 24. Qg3 Qa6 25. h3 Kh7 26. Qf4 Kg7 27. Qg3 Ra5 28. Nc1 Rc3 29. Nde2 Nxe4 30. Qf4 Nxd2 31. Nxc3 bxc3 32. Qd4+ e5 33. Qxc3 Nf1 34. Qe1 Bb5 35. Kg1 Qa7+ 36. Qf2 Ne3 37. Rxd6 Nf5 38. Rd2 Qc7 39. Rc2 Qd6 40. Qe1 Ra6 41. Ne2 Nd4 42. Nxd4 exd4 43. Rd2 d3 44. Qf2 Rc6 45. a4 Ba6 46. Qe3 Qd5 47. Kf2 Re6 48. Qf4 Qc5+ 49. Kg3 g5 50. Qg4 Qe5+ 51. f4 Qe3+ 52. Qf3 Qxd2 53. f5 Re3 54. f6+ Kf8 55. Kg4 Rxf3 56. Kh5 Qf4 57. g4 Rxh3# 0-1


[Site "https://www.chess.com"]

[Event "Titled Tuesday Blitz July 13 2021"]
[White "Keso, Elias"]
[Black "Steinberg, Nitzan"]
[WhiteFideId "514942"]
[BlackFideId "2801795"]
[WhiteElo "1969"]
[BlackElo "2440"]
[Result "0-1"]
[Round "01"]
[TimeControl "180+1"]
[Date "2021.07.13"]
[WhiteClock "0:00:57"]
[BlackClock "0:00:50"]

1. f4 d5 2. Nf3 Nf6 3. e3 g6 4. b3 Bg7 5. Bb2 O-O 6. Be2 c5 7. O-O Nc6 8. Ne5 Nxe5 9. fxe5 Nd7 10. d4 Nb8 11. Bf3 Nc6 12. Nc3 e6 13. Nb5 b6 14. c4 Ba6 15. a4 Rc8 16. Nd6 Rc7 17. cxd5 exd5 18. Bxd5 Bxf1 19. Qxf1 Nb4 20. Bc4 Nc2 21. Rc1 Nxe3 22. Qd3 Nxc4 23. Qxc4 Qg5 24. Rf1 Re7 25. Bc1 Qg4 26. Be3 cxd4 27. Bxd4 Qe6 28. Qb4 Bxe5 29. Bxe5 Qxe5 30. Nc4 Qd4+ 31. Kh1 Rfe8 0-1


[Site "https://www.chess.com"]

[Event "Titled Tuesday Blitz July 13 2021"]
[White "Khanin, Semen"]
[Black "Pandey Srishti"]
[WhiteFideId "4111990"]
[BlackFideId "35093290"]
[WhiteElo "2521"]
[BlackElo "1816"]
[Result "1-0"]
[Round "01"]
[TimeControl "180+1"]
[Date "2021.07.13"]
[WhiteClock "0:01:36"]
[BlackClock "0:01:01"]

1. e4 e6 2. d4 d5 3. e5 c5 4. c3 Qb6 5. Nf3 Bd7 6. Bd3 Bb5 7. dxc5 Bxc5 8. Bxb5+ Qxb5 9. b4 Bb6 10. a4 Qd7 11. O-O Ne7 12. Nbd2 O-O 13. Nb3 Ng6 14. Re1 Nc6 15. b5 Na5 16. Nbd4 Rac8 17. Qd3 Nc4 18. h4 Bc7 19. Ng5 h6 20. Ngxe6 Ngxe5 21. Rxe5 Nxe5 22. Nxf8 Qd8 23. Qh7+ Kxf8 24. Ba3+ Ke8 25. Re1 Kd7 26. Qf5+ 1-0


[Site "https://www.chess.com"]

[Event "Titled Tuesday Blitz July 13 2021"]
[White "Khusnutdinov, Rustam"]
[Black "Novoselski, Zoran"]
[WhiteFideId "13701703"]
[BlackFideId "901970"]
[WhiteElo "2571"]
[BlackElo "2327"]
[Result "0-1"]
[Round "01"]
[TimeControl "180+1"]
[Date "2021.07.13"]
[WhiteClock "0:00:03"]
[BlackClock "0:00:26"]

1. d4 d6 2. e4 Nf6 3. Nc3 e5 4. dxe5 dxe5 5. Qxd8+ Kxd8 6. Bc4 Be6 7. Bxe6 fxe6 8. f3 Nc6 9. Be3 Bd6 10. Nh3 Ke7 11. Nf2 a6 12. Nd3 Nb4 13. O-O-O Nxd3+ 14. Rxd3 b5 15. Rhd1 h6 16. Nb1 g5 17. Nd2 g4 18. Nf1 Rag8 19. Bf2 gxf3 20. gxf3 Nh5 21. Ne3 Nf4 22. R3d2 h5 23. Bh4+ Kf7 24. Bg3 Rg6 25. a4 Rf6 26. Bh4 Rg6 27. Bg3 Rf6 28. Kb1 h4 29. Bxf4 Rxf4 30. Rf1 Rg8 31. Rdd1 Bc5 32. Ng4 Bd6 33. h3 Ke7 34. Rd3 bxa4 35. Ka2 Rgf8 36. Re1 Rxf3 37. Ree3 Rxe3 38. Rxe3 Rf4 39. b3 axb3+ 40. Kxb3 Kd7 41. Kc4 Kc6 42. Rc3 a5 43. Re3 a4 44. c3 a3 45. Kb3 Rf1 46. Re2 Rb1+ 47. Ka2 Rh1 48. Re3 Kb5 49. Kb3 Rb1+ 50. Ka2 Rb2+ 51. Ka1 Rg2 52. Re1 Ka4 53. Ne3 Rg3 0-1


[Site "https://www.chess.com"]

[Event "Titled Tuesday Blitz July 13 2021"]
[White "Kirichenko, Vitaly"]
[Black "Woodward, Andy"]
[WhiteFideId "14103079"]
[BlackFideId "30953499"]
[WhiteElo "2367"]
[BlackElo "2137"]
[Result "0-1"]
[Round "01"]
[TimeControl "180+1"]
[Date "2021.07.13"]
[WhiteClock "0:00:09"]
[BlackClock "0:00:43"]

1. e4 c5 2. Nf3 d6 3. d4 cxd4 4. Nxd4 Nf6 5. Nc3 a6 6. Be2 e5 7. Nf3 Be7 8. Bg5 O-O 9. Bxf6 Bxf6 10. Qd2 Nc6 11. Nd5 Bg4 12. Rd1 Bxf3 13. Bxf3 Nd4 14. c3 Nxf3+ 15. gxf3 Bg5 16. Qd3 Qa5 17. a3 b5 18. O-O Qd8 19. Kh1 Qd7 20. Rg1 h6 21. Ne3 Qh3 22. Rg3 Qh5 23. Qxd6 Rad8 24. Qxe5 Qh4 25. Rxd8 Rxd8 26. Nf5 Bf6 27. Qc7 Qh5 28. Rxg7+ Kh8 29. Rg3 Rd2 30. Kg2 Kh7 31. Nd6 Be5 32. Qd8 Bxg3 33. hxg3 Rd1 34. Qf6 Qh1# 0-1


[Site "https://www.chess.com"]

[Event "Titled Tuesday Blitz July 13 2021"]
[White "Koridze, Lile"]
[Black "Kavyev, Ruslan"]
[WhiteFideId "13612514"]
[BlackFideId "34110981"]
[WhiteElo "1978"]
[BlackElo "2172"]
[Result "1/2-1/2"]
[Round "01"]
[TimeControl "180+1"]
[Date "2021.07.13"]
[WhiteClock "0:01:09"]
[BlackClock "0:01:03"]

1. d4 Nf6 2. c4 g6 3. Nc3 Bg7 4. e4 d6 5. Nf3 O-O 6. Be2 e5 7. O-O Nc6 8. Be3 Ng4 9. Bg5 f6 10. Bc1 f5 11. Bg5 Qe8 12. Nd5 Qf7 13. exf5 Bxf5 14. dxe5 Ncxe5 15. Nxe5 Nxe5 16. Ne7+ Kh8 17. Nxf5 Qxf5 18. Be3 Rae8 19. Qd2 Ng4 20. Bxg4 Qxg4 21. h3 Qxc4 22. Rac1 Qf7 23. Rc2 a6 24. Rfc1 Re7 25. Rc4 d5 26. Rf4 Qe6 27. Rxf8+ Bxf8 28. Bc5 Rf7 29. Bxf8 Rxf8 30. Rxc7 b5 31. Qd4+ Qf6 32. Qxf6+ Rxf6 33. Rd7 Rc6 34. Rxd5 Rc1+ 35. Kh2 Rc2 36. Rd6 Rxb2 37. Rxa6 Rxf2 38. Rb6 Rb2 39. a4 b4 40. a5 b3 41. a6 Ra2 42. Rxb3 Rxa6 43. Rb7 1/2-1/2


[Site "https://www.chess.com"]

[Event "Titled Tuesday Blitz July 13 2021"]
[White "Krasilnikov, Evgeni"]
[Black "Nguyen, Quoc Hy"]
[WhiteFideId "4139739"]
[BlackFideId "12410853"]
[WhiteElo "2330"]
[BlackElo "1975"]
[Result "1/2-1/2"]
[Round "01"]
[TimeControl "180+1"]
[Date "2021.07.13"]
[WhiteClock "0:00:04"]
[BlackClock "0:00:12"]

1. e4 c5 2. c3 d5 3. exd5 Nf6 4. Qa4+ Nbd7 5. c4 g6 6. Nc3 Bg7 7. Nf3 O-O 8. Be2 Nb6 9. Qd1 e6 10. dxe6 Bxe6 11. d3 Qc7 12. O-O Rad8 13. Nb5 Qb8 14. Qb3 Rfe8 15. Be3 Nbd7 16. h3 a6 17. Nc3 Nh5 18. Rfe1 b5 19. Qc2 Nf4 20. Bf1 bxc4 21. dxc4 Bf5 22. Qb3 Nd3 23. Qxb8 Rxb8 24. Bxd3 Bxd3 25. Red1 Bf5 26. g4 Be6 27. Rd2 Nb6 28. Bf4 Nxc4 29. Bxb8 Nxd2 30. Nxd2 Rxb8 31. Rb1 Bxc3 32. bxc3 Rxb1+ 33. Nxb1 Bxa2 34. Na3 Kg7 35. f4 Kf6 36. Kf2 Ke6 37. Ke3 Kd5 38. Kd3 c4+ 39. Ke3 Bb3 40. Nb1 a5 41. Na3 a4 42. Nb1 Bc2 43. Na3 Bd3 44. Nb5 Bf1 45. h4 Bh3 46. g5 Bd7 47. Na3 Bf5 48. Nb5 Bd3 49. Na3 Ke6 50. Nb5 Kf5 51. Kf3 Be4+ 52. Kg3 Bb1 53. Nd6+ Ke6 54. Nxc4 Kd5 55. Nb6+ Ke4 56. Nxa4 Kd3 57. Nc5+ Kxc3 58. Nd7 Kd4 59. Nf6 Kc5 60. Nxh7 Kd6 61. Nf6 Ke6 62. h5 gxh5 63. Nxh5 Bc2 64. Ng7+ Ke7 65. f5 Kf8 66. f6 Bg6 67. Kf4 Kg8 68. Nf5 Kf8 69. Ne7 Bb1 70. Ke5 Bc2 71. g6 fxg6 72. Nxg6+ Bxg6 73. f7 Kxf7 1/2-1/2


[Site "https://www.chess.com"]

[Event "Titled Tuesday Blitz July 13 2021"]
[White "Laxman, R.R."]
[Black "Viskelis, Darius"]
[WhiteFideId "5005361"]
[BlackFideId "12800830"]
[WhiteElo "2476"]
[BlackElo "2006"]
[Result "1-0"]
[Round "01"]
[TimeControl "180+1"]
[Date "2021.07.13"]
[WhiteClock "0:02:07"]
[BlackClock "0:00:07"]

1. d4 d5 2. Nf3 e6 3. c4 c5 4. cxd5 exd5 5. Nc3 Nf6 6. g3 Nc6 7. Bg2 cxd4 8. Nxd4 Bc5 9. Nb3 Bb6 10. O-O d4 11. Na4 O-O 12. Nxb6 axb6 13. Bxc6 bxc6 14. Qxd4 c5 15. Qxd8 Rxd8 16. Bg5 Be6 17. Rad1 h6 18. Bxf6 gxf6 19. Nc1 Rxd1 20. Rxd1 Bxa2 21. Rd6 Be6 22. Nd3 c4 23. Nf4 b5 24. Nxe6 fxe6 25. Rb6 Ra5 26. Kg2 Kf7 27. Kf3 f5 28. Kf4 Kf6 29. f3 Ra4 30. Rxb5 c3+ 31. Ke3 cxb2 32. Rxb2 h5 33. h4 Rc4 34. Rb8 Ra4 35. Rg8 Ra7 36. Rg5 Rh7 37. Kf2 Rh8 38. Ke3 Kf7 39. Kf4 Kf6 40. e4 fxe4 41. Kxe4 Rh7 42. Ra5 Rg7 43. Kf4 Rh7 44. Rg5 Rh8 45. Rb5 Rh7 46. Rb8 Rh6 47. Rf8+ Ke7 48. Kg5 Rh7 49. Ra8 Rg7+ 50. Kf4 Rh7 51. Ra7+ 1-0


[Site "https://www.chess.com"]

[Event "Titled Tuesday Blitz July 13 2021"]
[White "Leve, Nitai"]
[Black "Shevchenko, Kirill"]
[WhiteFideId "2006898"]
[BlackFideId "14129574"]
[WhiteElo "2144"]
[BlackElo "2569"]
[Result "0-1"]
[Round "01"]
[TimeControl "180+1"]
[Date "2021.07.13"]
[WhiteClock "0:00:47"]
[BlackClock "0:01:22"]

1. e4 c5 2. Nf3 g6 3. d4 cxd4 4. Nxd4 Bg7 5. Nc3 Nc6 6. Be3 Nf6 7. Be2 d6 8. f4 O-O 9. Nb3 a5 10. a4 Be6 11. g4 d5 12. f5 Bc8 13. exd5 Nb4 14. Bf3 gxf5 15. g5 Ng4 16. Bc5 Qc7 17. Qe2 b6 18. Bd4 Ba6 19. Qd2 Bxd4 20. Nxd4 Qe5+ 21. Kd1 Ne3+ 22. Kc1 Nc4 23. Qf2 Qf4+ 24. Kd1 Nxb2+ 25. Ke1 N2d3+ 26. cxd3 Nxd3+ 0-1


[Site "https://www.chess.com"]

[Event "Titled Tuesday Blitz July 13 2021"]
[White "Ljukin, Sergei"]
[Black "Har-Zvi, Ronen"]
[WhiteFideId "14102200"]
[BlackFideId "2801485"]
[WhiteElo "2309"]
[BlackElo "2523"]
[Result "1/2-1/2"]
[Round "01"]
[TimeControl "180+1"]
[Date "2021.07.13"]
[WhiteClock "0:00:12"]
[BlackClock "0:01:46"]

1. e4 c6 2. d4 d5 3. e5 Bf5 4. Nd2 e6 5. Nb3 h6 6. Nf3 Ne7 7. Be2 Nd7 8. O-O Bh7 9. a4 c5 10. dxc5 Nc6 11. Be3 Ndxe5 12. Nxe5 Nxe5 13. f4 Nc6 14. Nd4 Bxc5 15. Kh1 Nxd4 16. Bxd4 Bxd4 17. Qxd4 O-O 18. c3 Qb6 19. Qd2 Rad8 20. a5 Qc5 21. Rfd1 a6 22. Qd4 Rc8 23. Qxc5 Rxc5 24. Rd4 Rfc8 25. Kg1 Be4 26. Kf2 f5 27. g3 Kf7 28. Rb4 R8c7 29. Ke3 g5 30. Kd4 Kf6 31. Rb6 R5c6 32. Rxc6 Rxc6 33. Ra4 gxf4 34. gxf4 Rc7 35. Rb4 Rg7 36. Bh5 Rc7 37. Be2 Bg2 38. Rb6 Be4 39. Rb4 1/2-1/2


[Site "https://www.chess.com"]